Map: Ascension to Aiur LE

Players

DrGlas

  • Race: Protoss Protoss
  • League: Master
  • Spawn Location: 11:00

TheRex - Winner!

  • Race: Zerg Zerg
  • League: Master
  • Spawn Location: 5:00

VOD

Have the link to the VOD?

Description

Time

  • Played on: Oct. 17, 2017, 5 p.m.
  • Length: 5:31
Show
View Real Time Build Order
Export as new Build Order

DrGlas Protoss 

Build Orders: 1 Gate Expand 

Get SALT Encoding   

  12  0:01  Probe (Chrono Boost)  
  13  0:12  Probe (Chrono Boost)  
  14  0:18  Pylon  
  14  0:22  Probe (Chrono Boost)  
  15  0:36  Probe (Chrono Boost)  
  15  0:41  Gateway  
  16  0:44  Assimilator  
  16  0:49  Probe (Chrono Boost)  
  17  0:59  Probe (Chrono Boost)  
  18  1:10  Probe (Chrono Boost)  
  19  1:24  Nexus  
  19  1:27  Probe (Chrono Boost)  
  20  1:38  Probe (Chrono Boost)  
  21  1:43  Cybernetics Core  
  21  1:48  Probe (Chrono Boost)  
  21  1:51  Pylon  
  22  2:00  Probe (Chrono Boost)  
  23  2:04  Assimilator  
  23  2:11  Zealot (Chrono Boost)  
  23  2:14  Probe  
  26  2:28  Probe (Chrono Boost)  
  27  2:35  Adept (Chrono Boost)  
  29  2:38  Probe (Chrono Boost)  
  29  2:40  Probe (Chrono Boost)  
  31  2:49  Probe (Chrono Boost)  
  31  2:50  Probe (Chrono Boost)  
  33  2:54  Pylon  
  33  3:00  Probe (Chrono Boost)  
  33  3:01  Probe (Chrono Boost)  
  37  3:10  Probe (Chrono Boost)  
  38  3:15  Probe (Chrono Boost)  
  37  3:21  Probe (Chrono Boost), Twilight Council  
  37  3:25  Probe (Chrono Boost)  
  39  3:28  Gateway  
  39  3:31  Probe (Chrono Boost)  
  40  3:34  Gateway x2  
  40  3:36  Probe (Chrono Boost)  
  41  3:48  Mothership Core (Chrono Boost)  
  39  3:49  Probe (Chrono Boost)  
  39  3:54  Pylon  
  39  3:55  Gateway  
  42  3:58  Resonating Glaives (Chrono Boost)  
  42  4:00  Probe  
  45  4:05  Gateway  
  45  4:18  Pylon  
  45  4:23  Adept  
  45  4:26  Pylon  
  45  4:35  Pylon  
  45  4:45  Probe  
  42  4:47  Probe  
  37  4:57  Gateway  
  37  4:59  Probe  
  37  5:05  Probe, Cybernetics Core  
  38  5:11  Probe  
  39  5:15  Probe  
Show
View Real Time Build Order
Export as new Build Order

TheRex Zerg - Winner!

Build Orders: Hatch First 

Get SALT Encoding   

  12  0:01  Drone  
  13  0:12  Overlord  
  13  0:17  Drone  
  14  0:30  Drone x2  
  14  0:34  Drone  
  17  0:53  Hatchery  
  17  0:55  Drone  
  17  0:59  Drone  
  17  1:01  Extractor  
  17  1:18  Spawning Pool  
  17  1:19  Drone  
  17  1:22  Drone  
  18  1:27  Drone  
  19  1:50  Hatchery  
  19  1:53  Drone  
  19  1:56  Drone  
  20  2:05  Metabolic Boost  
  20  2:07  Zergling x2  
  21  2:10  Zergling x2  
  22  2:20  Queen  
  24  2:24  Drone  
  24  2:26  Drone  
  26  2:32  Overlord  
  26  2:36  Drone  
  27  2:41  Drone  
  28  2:50  Queen  
  30  2:52  Drone  
  33  2:58  Drone x2  
  33  3:00  Drone  
  33  3:04  Overlord  
  34  3:06  Drone  
  35  3:13  Queen  
  35  3:17  Zergling x2  
  35  3:19  Zergling x2  
  39  3:21  Zergling x2  
  39  3:23  Zergling x2  
  41  3:29  Zergling x2  
  41  3:30  Zergling x4  
  41  3:32  Zergling x2  
  41  3:34  Zergling x2  
  46  3:37  Drone x2  
  48  3:45  Drone x2  
  48  3:47  Drone  
  49  3:50  Overlord  
  49  3:53  Overlord  
  49  4:15  Drone x10  
  58  4:18  Drone  
  57  4:27  Drone x5  
  61  4:38  Drone x3  
  63  4:43  Extractor  
  63  4:44  Extractor  
  63  4:45  Drone  
  59  4:57  Drone, Baneling Nest  
  59  4:58  Drone x4  
  59  4:59  Evolution Chamber x2  
  60  5:10  Zergling x2  
  60  5:11  Zergling x6  
  66  5:20  Spore Crawler x2  
  66  5:21  Spore Crawler  
Tags
 
Add a new tag
Caveats
  • Supply blocks, unpowered buildings, or Contaminate may cause inaccurate times.
  • Supply counts are checked every 10 seconds.